 Dungeon Crawl Stone Soup version 0.24-a0-639-gb70a11d811 (webtiles) character file.

Game seed: 5814151235086917497, levelgen mode: deterministic

2669 Desmondeus the Cleaver (level 9, -1/79 HPs)
             Began as a Hill Orc Berserker on Sept 22, 2019.
             Was a Priest of Trog.
             Slain by a starcursed mass (9 damage)
             ... on level 1 of the Abyss.
             The game lasted 00:29:30 (2820 turns).

Desmondeus the Cleaver (Hill Orc Berserker)         Turns: 2820, Time: 00:29:31

Health: -1/79      AC: 13    Str: 20    XL:     9   Next: 63%
Magic:  9/9        EV: 13    Int:  7    God:    Trog [***...]
Gold:   105        SH:  0    Dex: 13    Spells: 8/8 levels left

rFire    . . .     SeeInvis .   a - +0 hand axe
rCold    . . .     Gourm    .   (no shield)
rNeg     . . .     Faith    .   p - +0 ring mail
rPois    .         Spirit   .   (no helmet)
rElec    .         Reflect  .   d - +0 cloak
rCorr    .         Harm     .   m - +0 pair of gloves
MR       ++...                  r - +0 pair of boots
Stlth    +.........             (no amulet)
HPRegen  1.23/turn              i - +3 ring of protection
MPRegen  0.11/turn              l - +2 ring of slaying

@: berserk cooldown, regenerating, slowed, very slow
A: no striking features
a: Berserk, Trog's Hand, Renounce Religion


You were on level 1 of the Abyss.
You worshipped Trog.
Trog was most pleased with you.
You were not hungry.

You visited 1 branch of the dungeon, and saw 4 of its levels.
You visited the Abyss 1 time.

You collected 105 gold pieces.

Inventory:

Hand Weapons
 a - a +0 hand axe (weapon)
Missiles
 f - 6 boomerangs (quivered)
 g - 3 javelins
Armour
 b - a +0 animal skin
 d - a +0 cloak (worn)
 m - a +0 pair of gloves (worn)
 p - a +0 ring mail (worn)
 r - a +0 pair of boots (worn)
 t - a +0 chain mail
Jewellery
 i - a +3 ring of protection (left hand)
 l - a +2 ring of slaying (right hand)
Wands
 q - a wand of iceblast (8)
Scrolls
 e - 3 scrolls of remove curse
 j - a scroll of magic mapping
 k - 3 scrolls of identify
 n - a scroll of teleportation {unknown}
 o - 3 scrolls of amnesia
Potions
 h - a potion of agility
 s - a potion of brilliance {unknown}
Miscellaneous
 u - a lamp of fire (inert)
Comestibles
 c - a ration


   Skills:
 + Level 7.3 Fighting
 + Level 11.0 Axes
 + Level 3.2 Throwing
 + Level 5.6 Armour
 + Level 4.6 Dodging
 + Level 1.6 Stealth
 + Level 1.1 Evocations


You had 8 spell levels left.
You didn't know any spells.
Your spell library was empty.

Dungeon Overview and Level Annotations

Branches:
Dungeon (4/15)
 Temple: D:4-7

Altars:
Fedhas
Nemelex Xobeh
Ru
Yredelemnul


Message History

You destroy the flying skull!
Trog accepts your kill.
Your Axes skill increases to level 11!
You feel a strong urge to attack something.
You are no longer berserk.
You are exhausted.
You feel yourself slow down.
A starcursed mass splits.
A chorus of shrieks assaults your mind.
* * * LOW HITPOINT WARNING * * *
The starcursed mass engulfs you but does no damage.
Your skin crawls.
You feel resistant to hostile enchantments.
You feel somewhat more hungry. The starcursed mass closely misses you.
You hit the starcursed mass but do no damage.
The starcursed mass engulfs you but does no damage.
A starcursed mass splits.
You hit the starcursed mass but do no damage.
The starcursed mass engulfs you!
You die...

#...# .....
###.#.# #...
#......##.. .
#......##§§## #.
.........§ ## ..
#. .##.X##.# ..
## .#..#.#X#.#.#
# #.....#
##X##.#
.#......X #@.#.#
#
........#X#>..##
.
...##.#.###....#
..... .#
.##..#.# #...###
#....## #. #
#### ..##.. .#
.X.. . # ..X#.
..# #


You could see 3 starcursed masses.

Vanquished Creatures
  An ancient zyme (Abyss:1)
  8 flying skulls (Abyss:1)
  Sigmund (D:2)
  4 fire bats (Abyss:1)
  A chaos spawn (Abyss:1)
  A small abomination (Abyss:1)
  An orc wizard (D:4)
  A bullfrog skeleton (D:4)
  A centaur skeleton (D:4)
  Terence (D:2)
  2 adders
  A white imp (Abyss:1)
  2 worms
  2 leopard geckos
  2 orcs (D:4)
  8 giant cockroaches
  8 goblins
  6 hobgoblins
  5 jackals
  A quokka (D:2)
  8 bats
  4 frilled lizards
  8 kobolds
  10 rats
87 creatures vanquished.

Vanquished Creatures (others)
  A ynoxinul (Abyss:1)
  A small abomination (Abyss:1)
2 creatures vanquished.

Grand Total: 89 creatures vanquished

Notes
Turn   | Place    | Note
-------+----------+-------------------------------------------
     0 | D:1      | Desmondeus the Hill Orc Berserker began the quest for the
                  | Orb.
     0 | D:1      | Reached XP level 1. HP: 19/19 MP: 1/1
   115 | D:1      | Reached XP level 2. HP: 24/27 MP: 2/2
   268 | D:1      | Reached ** piety under Trog
   322 | D:1      | Reached XP level 3. HP: 29/33 MP: 3/3
   601 | D:2      | Noticed Terence
   623 | D:2      | Killed Terence
   623 | D:2      | Reached skill level 5 in Axes
   674 | D:2      | Reached XP level 4. HP: 39/41 MP: 4/4
   683 | D:2      | Noticed Sigmund
   702 | D:2      | Killed Sigmund
   702 | D:2      | Reached skill level 6 in Axes
   702 | D:2      | Reached skill level 1 in Throwing
   702 | D:2      | Reached XP level 5. HP: 12/47 MP: 5/5
   964 | D:2      | Reached XP level 6. HP: 52/55 MP: 6/6
  1546 | D:2      | Found a sacrificial altar of Ru.
  1912 | D:3      | Reached *** piety under Trog
  1940 | D:3      | Found a blossoming altar of Fedhas.
  2035 | D:3      | Found a basalt altar of Yredelemnul.
  2194 | D:4      | Reached skill level 5 in Fighting
  2215 | D:4      | Found a sparkling altar of Nemelex Xobeh.
  2321 | D:4      | Cast into level 1 of the Abyss (orc wizard)
  2365 | Abyss:1  | Noticed a flying skull
  2366 | Abyss:1  | Noticed a flying skull
  2367 | Abyss:1  | Noticed a flying skull
  2369 | Abyss:1  | Noticed a flying skull
  2383 | Abyss:1  | Killed a flying skull
  2383 | Abyss:1  | Reached skill level 7 in Axes
  2383 | Abyss:1  | Reached XP level 7. HP: 41/61 MP: 7/7
  2385 | Abyss:1  | Killed a flying skull
  2385 | Abyss:1  | Reached skill level 1 in Stealth
  2390 | Abyss:1  | Killed a flying skull
  2390 | Abyss:1  | Reached skill level 8 in Axes
  2390 | Abyss:1  | Reached XP level 8. HP: 33/70 MP: 8/8
  2398 | Abyss:1  | Killed a flying skull
  2601 | Abyss:1  | Killed a ynoxinul
  2665 | Abyss:1  | Reached skill level 9 in Axes
  2688 | Abyss:1  | Reached XP level 9. HP: 4/78 MP: 9/9
  2714 | Abyss:1  | Noticed an ancient zyme
  2722 | Abyss:1  | Killed an ancient zyme
  2722 | Abyss:1  | Reached skill level 10 in Axes
  2722 | Abyss:1  | Reached skill level 5 in Armour
  2797 | Abyss:1  | Reached skill level 1 in Evocations
  2798 | Abyss:1  | Noticed a starcursed mass
  2807 | Abyss:1  | Reached skill level 11 in Axes
  2820 | Abyss:1  | Slain by a starcursed mass

Levels and vault maps discovered:
D:1:      lemuel_arrival_broad_hall, layout_rooms
D:2:      layout_basic, nicolae_overflow_hidden_temple, uniq_sigmund,
          uniq_terence
D:3:      layout_rooms, old_standard_altar, fedhas_altar_3,
          grunt_decor_resistance
D:4:      layout_rooms, nicolae_tso_carved_into_rock, lemuel_crystal_altar,
          nemelex_altar_shiori, overflow_temple_1_default, uniq_ijyb
Abyss:1:  hangedman_cross_veins, lemuel_flamethrower_3

Skill      XL: |  1  2  3  4  5  6  7  8  9 |
---------------+----------------------------+-----
Fighting       | 4 5 6 7 |  7.3
Axes           | 5 6 7 8 9 11 | 11.0
Throwing       | 1 2 3 |  3.2
Dodging        | 2 3 4 |  4.6
Armour         | 3 4 5 |  5.6
Stealth        | 1 |  1.6
Evocations     | 1 |  1.1

Action                   |  1- 3 |  4- 6 |  7- 9 || total
-------------------------+-------+-------+-------++-------
Melee: Hand axe          |    61 |   127 |    69 ||   257
Throw: Boomerang         |    20 |    20 |     5 ||    45
Invok: Berserk           |       |     3 |     3 ||     6
       Trog's Hand       |       |       |     3 ||     3
Evoke: Lamp of fire      |       |       |     1 ||     1
  Use: Scroll            |     1 |     2 |       ||     3
       Potion            |       |     1 |       ||     1
 Stab: Distracted        |       |     1 |       ||     1
  Eat: Ration            |       |     2 |     2 ||     4
Armor: Animal skin       |    10 |    26 |       ||    36
       Ring mail         |       |    18 |    30 ||    48
Dodge: Dodged            |    33 |    77 |    50 ||   160

Table legend:
 A = Non-vault XP
 B = Vault XP
 C = Vault XP percentage of total XP
 D = Non-vault monster count
 E = Vault monster count
 F = Vault count percentage of total count
                 A         B        C        D         E       F
            +---------+---------+-------+---------+---------+-------
      Total |    3554 |     259 |   6.8 |      85 |       2 |   2.3
            +---------+---------+-------+---------+---------+-------
        D:1 |      39 |       0 |   0.0 |      26 |       0 |   0.0
        D:2 |      43 |     259 |  85.8 |      18 |       2 |  10.0
        D:3 |      46 |       0 |   0.0 |      17 |       0 |   0.0
        D:4 |     130 |       0 |   0.0 |       8 |       0 |   0.0
    Abyss:1 |    3296 |       0 |   0.0 |      16 |       0 |   0.0
            +---------+---------+-------+---------+---------+-------
